 Dungeon Crawl Stone Soup version 0.18-a0-118-g58bf2d5 (webtiles) character file.

42 Duffy the Ruffian (level 3, 33/33 HPs)
             Began as an Ogre Transmuter on Nov 18, 2015.
             Quit the game on level 1 of the Dungeon.
             The game lasted 00:01:33 (1391 turns).

Duffy the Ruffian (Ogre Transmuter)                 Turns: 1391, Time: 00:01:33

Health: 33/33      AC:  4    Str: 15    XL:     3   Next: 54%
Magic:  6/6        EV: 10    Int: 13    God:
Gold:   17         SH:  0    Dex: 10    Spells: 2 memorised, 3 levels left

rFire  . . .     SeeInvis .       - Unarmed
rCold  . . .     Clarity  .     b - +1 robe
rNeg   . . .     SustAt   .     (no shield)
rPois  .         Gourm    .     (helmet restricted)
rElec  .         Spirit   .     (no cloak)
rCorr  .         Warding  .     (gloves unavailable)
rMut   .         Stasis   .     (boots unavailable)
MR     .....                    (no amulet)
Stlth  +.........               (no ring)
                                (no ring)

@: not resistant to hostile enchantments, very unstealthy
A: unfitting armour, tough skin 1
a: no special abilities


You were on level 1 of the Dungeon.
You were not hungry.

You visited 1 branch of the dungeon, and saw 1 of its levels.

You collected 17 gold pieces.


Innate Abilities, Weirdness & Mutations

You are too large for most types of armour.
You have tough skin (AC +1).


   Skills:
 - Level 1.5 Fighting
 - Level 2.2 Dodging
 * Level 3.2 Unarmed Combat
 - Level 2.5 Spellcasting
 + Level 1.7 Transmutations
 + Level 0.3 Poison Magic


You had 3 spell levels left.
You knew the following spells:

 Your Spells              Type           Power        Failure   Level  Hunger
a - Spider Form           Trmt/Pois      #.........   52%         3    ###....
b - Beastly Appendage     Trmt           #.....       14%         1    #......

Inventory:

Missiles
 a - 12 arrows
 l - 12 poisoned needles
Armour
 b - a +1 robe (worn)
Scrolls
 g - a scroll of amnesia {unknown}
 h - a scroll of remove curse {unknown}
 i - a scroll of teleportation {unknown}
 k - 2 scrolls of enchant armour
Potions
 e - a potion of invisibility {unknown}
Books
 c - a book of Changes
Comestibles
 d - a bread ration
 f - 2 beef jerkies

Dungeon Overview and Level Annotations

Branches:
Dungeon (1/15)

Altars:


Message History

l - 12 poisoned needles
Things that are here:
a dagger; a goblin corpse A hobgoblin comes into view.
It is wielding a club.
The hobgoblin hits you but does no damage.
You hit the hobgoblin but do no damage. The hobgoblin closely misses you.
You hit the hobgoblin.
The hobgoblin is almost dead.
You hit the hobgoblin but do no damage.
The hobgoblin is almost dead.
The hobgoblin hits you with a club.
You hit the hobgoblin.
You kill the hobgoblin!
No target in view!
No target in view!
No target in view!
No target in view!
No target in view!
No target in view!
No target in view!
No target in view!
No target in view!
No target in view!
No target in view!
Eating one of 2 chunks of flesh.
This raw flesh tastes terrible.
You continue eating. x2
All of the chunks of flesh in your inventory have rotted away.
You see here a club.
Partly explored, can't reach some items and places.
Read which item? (? for menu, Esc to quit)
As you read the scroll labeled DUILIF SAQUN, it crumbles to dust.
It is a scroll of enchant armour.
Enchant which item? (? for menu, Esc to quit)
Your +0 robe glows green for a moment.
Are you sure you want to abandon this character and quit the game? (Confirm with "yes".)

≈....##....<(##...§.....#.#
§§...##.....[##..≈§§....#.#
≈..####'########..≈.....#.#
≈..####)########..§.$...#.#
≈§.##..†......##.≈≈.....#.#
§..##.........###.≈.....#)#
≈..##..........##.≈.....#.#
≈.§###########'##.≈.....#.#
§..§§...§.......@.≈.....#.#
≈≈§§≈§≈§§≈≈≈≈.§≈≈≈≈$....#.#
§..§§.§.....≈.≈.........#.#
#############.###########.###
.......# #.........).......#
####.#.## #.#################
.....#..###........#
.###.....##..#####.#
.....##..##..# #.#


There were no monsters in sight!

Action                   || total
-------------------------++-------
Melee: Unarmed           ||   110
  Use: Scroll            ||     1
  Eat: Chunk             ||     2

Notes
Turn   | Place    | Note
--------------------------------------------------------------
     0 | D:1      | Duffy the Ogre Transmuter began the quest for the Orb.
     0 | D:1      | Reached XP level 1. HP: 19/19 MP: 3/3
   154 | D:1      | Reached skill level 2 in Dodging
   154 | D:1      | Reached XP level 2. HP: 22/27 MP: 5/5
   224 | D:1      | Reached skill level 3 in Unarmed Combat
   709 | D:1      | Reached XP level 3. HP: 23/33 MP: 6/6
   726 | D:1      | Learned a level 3 spell: Spider Form
  1391 | D:1      | Quit the game

Vault maps used:
D:1:      erik_arrival_gehennom

Vanquished Creatures
  2 oozes
  A giant gecko
  A ball python
  3 bats
  4 hobgoblins
  4 kobolds
  4 giant newts
  9 goblins
  2 rats
30 creatures vanquished.
